 Dungeon Crawl Stone Soup version 0.18.1-50-g88ac8fd (webtiles) character file.

6979 loralnil the Blocker (level 10, 0/88 HPs)
             Began as a Minotaur Fighter on Sept 18, 2016.
             Was an Elder of Trog.
             Slain by an 11-headed hydra (10 damage)
             ... on level 9 of the Dungeon.
             The game lasted 00:20:08 (8610 turns).

loralnil the Blocker (Minotaur Fighter)             Turns: 8610, Time: 00:20:08

Health: 0/88       AC: 18    Str: 23    XL:     10   Next: 81%
Magic:  9/9        EV: 11    Int:  5    God:    Trog [****..]
Gold:   387        SH: 19    Dex: 15    Spells: 0 memorised, 9 levels left

rFire  . . .     SeeInvis .     a - +0 long sword
rCold  + . .     Gourm    .     B - +2 plate armour {rC+}
rNeg   . . .     Faith    .     k - +0 large shield
rPois  .         Spirit   .     (helmet restricted)
rElec  .         Dismiss  .     o - +0 cloak
rCorr  .         Reflect  .     (no gloves)
SustAt .         Harm     .     u - +0 pair of boots
MR     .....                    (no amulet)
Stlth  ..........               w - +4 ring of dexterity
                                x - +3 ring of evasion

@: exhausted, about to teleport, slowed, very slow, not resistant to hostile
enchantments, extremely unstealthy
A: retaliatory headbutt, horns 2
a: Berserk, Trog's Hand, Brothers in Arms, Burn Spellbooks, Renounce Religion


You were on level 9 of the Dungeon.
You worshipped Trog.
Trog was greatly pleased with you.
You were very hungry.

You visited 1 branch of the dungeon, and saw 9 of its levels.

You collected 387 gold pieces.

Inventory:

Hand Weapons
 a - a +0 long sword (weapon)
Armour
 k - a +0 large shield (worn)
 o - a +0 cloak (worn)
 u - a +0 pair of boots (worn)
 B - a +2 plate armour of cold resistance (worn)
Jewellery
 w - a +4 ring of dexterity (right hand)
 x - a +3 ring of evasion (left hand)
 y - an uncursed ring of ice
Wands
 t - a wand of iceblast (8/15)
 z - a wand of iceblast (6/15)
 K - a wand of random effects (32/48)
Scrolls
 b - a scroll of enchant weapon
 c - a scroll of fear
 e - a scroll of fog {unknown}
 g - 2 scrolls of teleportation
 m - a scroll of enchant armour {unknown}
 n - 2 scrolls of immolation {unknown}
 r - 7 scrolls of remove curse {unknown}
 s - a scroll of blinking {unknown}
 A - a scroll of amnesia {unknown}
 E - 2 scrolls of recharging {unknown}
 J - a scroll of acquirement {unknown}
Potions
 d - 3 potions of might
 h - a potion of lignification
 i - 3 potions of cancellation
 j - a potion of berserk rage
 q - 2 potions of brilliance
 v - 2 potions of agility
 C - a potion of flight
 F - a potion of magic
 L - a potion of invisibility {unknown}
Comestibles
 f - 5 bread rations
 l - 4 meat rations
 D - 7 royal jellies
 G - a beef jerky
 I - 3 slices of pizza


   Skills:
 + Level 8.0 Fighting
 + Level 8.2 Long Blades
 + Level 9.0 Armour
 + Level 6.6 Dodging
 + Level 0.6 Stealth
 + Level 12.8 Shields


You had 9 spell levels left.
You didn't know any spells.

Dungeon Overview and Level Annotations

Branches:
Dungeon (9/15)             Temple (0/1) D:5            Lair (0/8) D:9
    Orc: D:9-12

Altars:
Ashenzari
Nemelex Xobeh
Okawaru
Pakellas
Qazlal
Ru
Trog
Xom
Yredelemnul
Zin

Shops:
D:6 *

Annotations:
D:7 Prince Ribbit


Innate Abilities, Weirdness & Mutations

You reflexively headbutt those who attack you in melee.
You have a pair of horns on your head.


Message History

a giant gecko corpse; a killer bee corpse Drink which item? (? for menu, Esc to quit)
Okay, then.
Read which item? (? for menu, Esc to quit)
As you read the scroll labeled PIBUTYCOXI, it crumbles to dust.
You feel strangely unstable.
It was a scroll of teleportation.
You block the 11-headed hydra's attack.
The 11-headed hydra bites you but does no damage.
The 11-headed hydra misses you. You block the 11-headed hydra's attack.
The 11-headed hydra bites you but does no damage.
You block the 11-headed hydra's attack. x2
The 11-headed hydra closely misses you.
The 11-headed hydra bites you but does no damage.
You block the 11-headed hydra's attack.
The 11-headed hydra bites you but does no damage.
You block the 11-headed hydra's attack. The 11-headed hydra closely misses you.
The 11-headed hydra barely misses you.
The 11-headed hydra bites you but does no damage. x3
The 11-headed hydra bites you!
You die...

.....#....................#...#
>....#.>..................######
...###..............)))........##
.....#....########.##...........#
.........## #### ####............
........## ..$ ###...........
........# # #.#####.............
........# #%##.##.##.............
.....#### #...5D@..'.............
...### #$##(##.##.....##......
...# ##)#####...#######... ####
#.h.# #..........##. ..# ##(##
#......<...### ..# #.#
##..........## ### ...
#..#...####... #.# #..##### #.#.
#.# #.. #...


You could see a 11-headed hydra and a quasit.

Vanquished Creatures
  An unseen horror (D:9)
  A cyclops (D:9)
  Joseph (D:7)
  A troll (D:9)
  A queen bee (D:8)
  3 shadows (D:9)
  The ghost of 2ndSunSyndrom the Covert, an amateur SpEn (D:4)
  Eustachio (D:5)
  2 steam dragons (D:7)
  A water moccasin (D:6)
  Duvessa (D:5)
  2 black bears (D:6)
  2 orc warriors
  A sky beast (D:5)
  A wasp (D:6)
  An ogre (D:5)
  2 centaurs (D:5)
  A crocodile (D:9)
  4 giant frogs
  Dowan (D:5)
  23 killer bees
  3 scorpions
  8 wights
  5 howler monkeys
  4 crimson imps
  3 hounds
  2 centaur zombies
  4 orc priests
  2 jellies
  A giant frog skeleton (D:5)
  3 centaur skeletons
  A gnoll shaman (D:6)
  Crazy Yiuf (D:3)
  Terence (D:2)
  An iguana (D:5)
  5 orc wizards
  3 worker ants
  A killer bee zombie (D:8)
  16 gnolls
  12 adders
  3 shadow imps
  An ooze (D:5)
  An adder zombie (D:8)
  An adder skeleton (D:4)
  A worm (D:2)
  3 dart slugs
  6 giant geckos
  28 orcs
  6 giant cockroaches
  4 goblins
  3 hobgoblins
  10 jackals
  10 kobolds
  3 quokkas
  3 ball pythons
  A ball python skeleton (D:4)
  9 bats
  A giant gecko skeleton (D:4)
  9 giant newts
  A jackal zombie (D:7)
  9 rats
241 creatures vanquished.

Vanquished Creatures (others)
  2 fungi (D:7)
2 creatures vanquished.

Grand Total: 243 creatures vanquished

Notes
Turn   | Place    | Note
--------------------------------------------------------------
     0 | D:1      | loralnil the Minotaur Fighter began the quest for the Orb.
     0 | D:1      | Reached XP level 1. HP: 19/19 MP: 0/0
   172 | D:1      | Reached skill level 4 in Shields
   197 | D:1      | Reached XP level 2. HP: 20/27 MP: 1/1
   676 | D:2      | Reached XP level 3. HP: 33/33 MP: 2/2
   818 | D:2      | Noticed Terence
   837 | D:2      | Killed Terence
   837 | D:2      | Reached skill level 1 in Dodging
   843 | D:2      | Reached XP level 4. HP: 30/40 MP: 3/3
  1071 | D:2      | Found a bloodstained altar of Trog.
  1077 | D:2      | Became a worshipper of Trog the Wrathful
  1427 | D:3      | Reached XP level 5. HP: 39/47 MP: 4/4
  1916 | D:3      | Noticed Crazy Yiuf
  1920 | D:3      | Killed Crazy Yiuf
  2066 | D:4      | Reached skill level 5 in Shields
  2073 | D:4      | Reached * piety under Trog
  2101 | D:4      | Noticed 2ndSunSyndrom's ghost (amateur SpEn)
  2382 | D:4      | Killed 2ndSunSyndrom's ghost
  2382 | D:4      | Reached skill level 5 in Armour
  2382 | D:4      | Reached XP level 6. HP: 33/53 MP: 5/5
  2682 | D:4      | Found a glowing silver altar of Zin.
  2700 | D:4      | Reached skill level 6 in Shields
  2829 | D:4      | Reached XP level 7. HP: 58/60 MP: 6/6
  2959 | D:4      | Found an oddly glowing altar of Pakellas.
  3319 | D:5      | Entered Level 5 of the Dungeon
  3330 | D:5      | Reached skill level 5 in Fighting
  3365 | D:5      | Reached ** piety under Trog
  3384 | D:5      | Reached skill level 7 in Shields
  3531 | D:5      | Noticed Eustachio
  3538 | D:5      | Killed Eustachio
  3538 | D:5      | Reached XP level 8. HP: 69/69 MP: 7/7
  3667 | D:5      | Found a staircase to the Ecumenical Temple.
  3821 | D:5      | Found a basalt altar of Yredelemnul.
  3821 | D:5      | Noticed Duvessa
  3822 | D:5      | Noticed Dowan
  3827 | D:5      | Killed Duvessa
  3827 | D:5      | Reached skill level 5 in Long Blades
  3829 | D:5      | Killed Dowan
  3942 | D:5      | Found a sparkling altar of Nemelex Xobeh.
  4024 | D:5      | Reached skill level 8 in Shields
  4046 | D:5      | Reached skill level 5 in Dodging
  4379 | D:6      | Found a sacrificial altar of Ru.
  4534 | D:6      | Found a shattered altar of Ashenzari.
  4620 | D:6      | Found Teumpyur's Tempting Trifles.
  4952 | D:5      | Reached XP level 9. HP: 75/75 MP: 8/8
  5085 | D:6      | Reached *** piety under Trog
  5245 | D:6      | Found an iron altar of Okawaru.
  5444 | D:6      | Reached skill level 9 in Shields
  5525 | D:7      | Noticed Prince Ribbit
  5586 | D:7      | Noticed Joseph
  5602 | D:7      | Killed Joseph
  6044 | D:6      | Reached skill level 10 in Shields
  6411 | D:7      | Found a shimmering altar of Xom.
  6933 | D:7      | Reached XP level 10. HP: 33/86 MP: 9/9
  7466 | D:8      | Reached skill level 11 in Shields
  7476 | D:8      | Reached **** piety under Trog
  8374 | D:9      | Found a staircase to the Lair.
  8390 | D:9      | Found a stormy altar of Qazlal.
  8541 | D:9      | Noticed a cyclops
  8558 | D:9      | Killed a cyclops
  8558 | D:9      | Reached skill level 12 in Shields
  8593 | D:9      | Noticed an eight-headed hydra
  8601 | D:9      | Killed an unseen horror
  8610 | D:9      | Slain by an 11-headed hydra

Skill      XL: |  1  2  3  4  5  6  7  8  9 10 |
---------------+-------------------------------+-----
Shields        | 4 5 6 7 8 10 12 | 12.8
Fighting       | 4 5 6 7 8 |  8.0
Armour         | 4 5 6 7 8 9 |  9.0
Dodging        | 1 2 3 4 5 6 |  6.6
Long Blades    | 3 4 5 6 8 |  8.2
Stealth        | |  0.6

Action                   |  1- 3 |  4- 6 |  7- 9 | 10-12 || total
-------------------------+-------+-------+-------+-------++-------
Melee: Long sword        |    77 |   191 |   450 |   227 ||   945
       Headbutt          |     9 |    32 |    94 |    47 ||   182
Invok: Berserk           |       |     1 |     3 |     3 ||     7
  Use: Scroll            |       |     6 |     2 |     4 ||    12
       Potion            |       |       |     3 |     1 ||     4
  Eat: Chunk             |       |     6 |    11 |     3 ||    20
       Beef jerky        |       |     1 |       |     1 ||     2
       Meat ration       |       |       |     1 |       ||     1
       Bread ration      |       |       |       |     1 ||     1
Armor: Scale mail        |    50 |    75 |    71 |       ||   196
       Plate armour      |       |       |   157 |    88 ||   245
Dodge: Dodged            |    24 |    44 |    84 |    57 ||   209
Block: Shield            |    25 |       |       |       ||    25
       Large shield      |    15 |   182 |   448 |   254 ||   899
